XFBL
MONTREAL EXPOS @ CHICAGO CUBS
06/18/1982
 
TOP OF THE 1ST
Montreal Expos batting - Pitching for Chicago Cubs : LHP Roy Sheldon
Pitching: LHP Roy Sheldon
Batting: LHB Duane Walker 0-0: Swinging Strike
0-1: Foul Ball, location: 2F
0-2: Ball
1-2: Ball
2-2: Ball
3-2: Foul Ball, location: 2F
3-2: Base on Balls
Batting: SHB Garry Templeton 0-0: Ball
Duane Walker is caught stealing 2nd base 2-4
1-0: Swinging Strike
1-1: Foul Ball, location: 2F
1-2: Ball
2-2: Strikes out swinging
Batting: LHB Kirk Gibson 0-0: Ball
1-0: Ball
2-0: Called Strike
2-1: Ball
3-1: Foul Ball, location: 2F
3-2: Foul Ball, location: 2F
3-2: SINGLE (Groundball, 4M, EV 100.0 MPH) (infield hit)
Batting: RHB Dale Murphy 0-0: Called Strike
0-1: Ball
1-1: Swinging Strike
1-2: Strikes out swinging
Top of the 1st over - 0 runs, 1 hit, 0 errors, 1 left on base; Montreal 0 - Chicago 0
BOTTOM OF THE 1ST
Chicago Cubs batting - Pitching for Montreal Expos : RHP Antonio Atayde
Pitching: RHP Antonio Atayde
Batting: LHB Gerald Perry 0-0: Called Strike
0-1: Ball
1-1: Ground out U3 (Groundball, 3, EV 100.6 MPH)
Batting: LHB Johnny Grubb 0-0: Called Strike
0-1: Ball
1-1: Fly out, F9 (Flyball, 89D, EV 101.9 MPH)
Batting: RHB Lonnie Smith 0-0: Swinging Strike
0-1: Ground out U3 (Groundball, 3, EV 81.9 MPH)
Bottom of the 1st over - 0 runs, 0 hits, 0 errors, 0 left on base; Montreal 0 - Chicago 0
TOP OF THE 2ND
Montreal Expos batting - Pitching for Chicago Cubs : LHP Roy Sheldon
Batting: RHB Dave Winfield 0-0: Ground out 4-3 (Groundball, 4, EV 83.1 MPH)
Batting: SHB Alex Ortiz 0-0: Ground out 4-3 (Groundball, 34, EV 103.8 MPH)
Batting: LHB Ernesto Quevedo 0-0: Fly out, F7 (Flyball, 78D, EV 90.0 MPH)
Top of the 2nd over - 0 runs, 0 hits, 0 errors, 0 left on base; Montreal 0 - Chicago 0
BOTTOM OF THE 2ND
Chicago Cubs batting - Pitching for Montreal Expos : RHP Antonio Atayde
Batting: RHB Jim Rice 0-0: Foul Ball, location: 2F
0-1: Ground out 5-3 (Groundball, 5L, EV 90.6 MPH)
Batting: SHB Roy Smalley 0-0: Ball
1-0: Swinging Strike
1-1: Called Strike
1-2: Ball
2-2: Ball
3-2: Foul Ball, location: 2F
3-2: Strikes out swinging
Batting: RHB Randy Ready 0-0: Foul Ball, location: 2F
0-1: Swinging Strike
0-2: SINGLE (Line Drive, 9S, EV 95.6 MPH)
Batting: RHB Willie Randolph 0-0: Ball
1-0: Called Strike
1-1: Called Strike
Randy Ready steals 2nd base
1-2: Ball
2-2: Ball
3-2: Ground out 4-3 (Groundball, 4, EV 100.6 MPH)
Bottom of the 2nd over - 0 runs, 1 hit, 0 errors, 1 left on base; Montreal 0 - Chicago 0
TOP OF THE 3RD
Montreal Expos batting - Pitching for Chicago Cubs : LHP Roy Sheldon
Batting: SHB Biff Pocoroba 0-0: Foul Ball, location: 2F
0-1: Ball
1-1: Ball
2-1: Ball
3-1: Foul Ball, location: 2F
3-2: Fly out, F8 (Line Drive, 8LD, EV 101.3 MPH)
Batting: RHB Antonio Atayde 0-0: Ball
1-0: Ground out 5-3 (Groundball, 56, EV 87.5 MPH)
Batting: LHB Duane Walker 0-0: Foul Ball, location: 2F
0-1: Foul Ball, location: 2F
0-2: Ball
1-2: Foul Ball, location: 2F
1-2: Ball
2-2: Strikes out looking
Top of the 3rd over - 0 runs, 0 hits, 0 errors, 0 left on base; Montreal 0 - Chicago 0
BOTTOM OF THE 3RD
Chicago Cubs batting - Pitching for Montreal Expos : RHP Antonio Atayde
Batting: RHB Bob Brenly 0-0: Ball
1-0: Fly out, F9 (Flyball, 89M, EV 80.0 MPH)
Batting: LHB Roy Sheldon 0-0: Foul Ball, location: 2F
0-1: Ball
1-1: Ball
2-1: Ball
3-1: Called Strike
3-2: Foul Ball, location: 2F
3-2: Strikes out looking
Batting: LHB Gerald Perry 0-0: Ball
1-0: Called Strike
1-1: SINGLE (Groundball, 6MD, EV 105.0 MPH)
Batting: LHB Johnny Grubb 0-0: Ball
1-0: Ball
2-0: Ball
3-0: Base on Balls
Gerald Perry to second
Batting: RHB Lonnie Smith 0-0: Fly out, F8 (Flyball, 78XD, EV 95.6 MPH)
Bottom of the 3rd over - 0 runs, 1 hit, 0 errors, 2 left on base; Montreal 0 - Chicago 0
TOP OF THE 4TH
Montreal Expos batting - Pitching for Chicago Cubs : LHP Roy Sheldon
Batting: SHB Garry Templeton 0-0: Fly out, F7 (Flyball, 7D, EV 94.4 MPH)
Batting: LHB Kirk Gibson 0-0: SINGLE (Groundball, 4M, EV 81.3 MPH) (infield hit)
Batting: RHB Dale Murphy 0-0: Foul Ball, location: 2F
0-1: Ball
1-1: Ball
2-1: Foul Ball, location: 2F
2-2: Ball
3-2: Foul Ball, location: 2F
3-2: Base on Balls
Kirk Gibson to second
Batting: RHB Dave Winfield 0-0: Ball
Dale Murphy steals 2nd base
Kirk Gibson steals 3rd base
1-0: Ball
2-0: Ball
3-0: Called Strike
3-1: Called Strike
3-2: Foul Ball, location: 2F
3-2: Foul Ball, location: 2F
3-2: Foul Ball, location: 2F
3-2: Ground out 5-3 (Groundball, 56S, EV 80.6 MPH)
Kirk Gibson scores
Batting: SHB Alex Ortiz 0-0: Ball
1-0: Called Strike
1-1: Ball
2-1: Foul Ball, location: 2F
2-2: Strikes out swinging
Top of the 4th over - 1 run, 1 hit, 0 errors, 1 left on base; Montreal 1 - Chicago 0
BOTTOM OF THE 4TH
Chicago Cubs batting - Pitching for Montreal Expos : RHP Antonio Atayde
Batting: RHB Jim Rice 0-0: Foul Ball, location: 2F
0-1: Ball
1-1: Foul Ball, location: 2F
1-2: Ball
2-2: Ground out 6-3 (Groundball, 6, EV 81.3 MPH)
Batting: SHB Roy Smalley 0-0: Foul Ball, location: 2F
0-1: Foul Ball, location: 2F
0-2: Ball
1-2: Ball
2-2: Ball
3-2: Foul Ball, location: 2F
3-2: Foul Ball, location: 2F
3-2: Foul Ball, location: 2F
3-2: Ground out 4-3 (Groundball, 4, EV 83.1 MPH)
Batting: RHB Randy Ready 0-0: Swinging Strike
0-1: Ball
1-1: Ball
2-1: Ball
3-1: Base on Balls
Batting: RHB Willie Randolph 0-0: Called Strike
0-1: Ball
1-1: Swinging Strike
1-2: Ground out 4-3 (Groundball, 4, EV 102.5 MPH)
Bottom of the 4th over - 0 runs, 0 hits, 0 errors, 1 left on base; Montreal 1 - Chicago 0
TOP OF THE 5TH
Montreal Expos batting - Pitching for Chicago Cubs : LHP Roy Sheldon
Batting: LHB Ernesto Quevedo 0-0: Called Strike
0-1: Swinging Strike
0-2: Ball
1-2: Ball
2-2: Ball
3-2: Fly out, F2 (Popup, 2LF, EV 91.3 MPH)
Batting: SHB Biff Pocoroba 0-0: Ground out 5-3 (Groundball, 56S, EV 86.3 MPH)
Batting: RHB Antonio Atayde 0-0: Ground out 1-3 (Groundball, 15S, EV 75.0 MPH)
Top of the 5th over - 0 runs, 0 hits, 0 errors, 0 left on base; Montreal 1 - Chicago 0
BOTTOM OF THE 5TH
Chicago Cubs batting - Pitching for Montreal Expos : RHP Antonio Atayde
Batting: RHB Bob Brenly 0-0: Ball
1-0: Ball
2-0: Called Strike
2-1: Foul Ball, location: 2F
2-2: SINGLE (Line Drive, 9S, EV 95.0 MPH)
Batting: LHB Roy Sheldon 0-0: Sac Bunt to 2R - play at first, batter OUT! 2-4
Bob Brenly to second
Batting: LHB Gerald Perry 0-0: Called Strike
0-1: Swinging Strike
0-2: Ball
1-2: Ball
2-2: Fly out, F8 (Line Drive, 8RD, EV 88.1 MPH)
Batting: LHB Johnny Grubb 0-0: Ball
1-0: Ball
2-0: Ball
3-0: Foul Ball, location: 2F
3-1: Foul Ball, location: 2F
3-2: Base on Balls
Batting: RHB Lonnie Smith 0-0: Ball
1-0: DOUBLE (Line Drive, 89M, EV 100.0 MPH)
Bob Brenly scores
Johnny Grubb to third
Runner from 3rd tries for Home, SAFE, no throw by RF
Batting: RHB Jim Rice 0-0: Called Strike
0-1: Ball
1-1: Ground out 1-3 (Groundball, 34S, EV 63.8 MPH)
Bottom of the 5th over - 2 runs, 2 hits, 0 errors, 1 left on base; Montreal 1 - Chicago 2
TOP OF THE 6TH
Montreal Expos batting - Pitching for Chicago Cubs : LHP Roy Sheldon
Batting: LHB Duane Walker 0-0: Ball
1-0: Foul Ball, location: 2F
1-1: Foul Ball, location: 2F
1-2: Strikes out swinging
Batting: SHB Garry Templeton 0-0: Ball
1-0: Ball
2-0: SINGLE (Flyball, 78S, EV 93.1 MPH)
Batting: LHB Kirk Gibson 0-0: Called Strike
0-1: Fly out, F8 (Flyball, 78D, EV 95.6 MPH)
Batting: RHB Dale Murphy 0-0: Ball
Garry Templeton steals 2nd base
1-0: Called Strike
1-1: Foul Ball, location: 2F
1-2: Fly out, F9 (Flyball, 9S, EV 87.5 MPH)
Top of the 6th over - 0 runs, 1 hit, 0 errors, 1 left on base; Montreal 1 - Chicago 2
BOTTOM OF THE 6TH
Chicago Cubs batting - Pitching for Montreal Expos : RHP Antonio Atayde
Batting: SHB Roy Smalley 0-0: Ball
1-0: Called Strike
1-1: Ball
2-1: Foul Ball, location: 2F
2-2: Strikes out looking
Batting: RHB Randy Ready 0-0: Called Strike
0-1: Fly out, F8 (Line Drive, 8LD, EV 101.9 MPH)
Batting: RHB Willie Randolph 0-0: Ball
1-0: Ball
2-0: Ground out 2-3 (Groundball, 2L, EV 70.0 MPH)
Bottom of the 6th over - 0 runs, 0 hits, 0 errors, 0 left on base; Montreal 1 - Chicago 2
TOP OF THE 7TH
Montreal Expos batting - Pitching for Chicago Cubs : LHP Roy Sheldon
Batting: RHB Dave Winfield 0-0: Called Strike
0-1: Fly out, F8 (Line Drive, 8LM, EV 105.6 MPH)
Batting: SHB Alex Ortiz 0-0: Ball
1-0: Ball
2-0: Foul Ball, location: 2F
2-1: Ball
3-1: Called Strike
3-2: Strikes out swinging
Batting: LHB Ernesto Quevedo 0-0: Called Strike
0-1: Called Strike
0-2: Ball
1-2: Ball
2-2: Fly out, F4 (Popup, 34S, EV 74.4 MPH)
Top of the 7th over - 0 runs, 0 hits, 0 errors, 0 left on base; Montreal 1 - Chicago 2
BOTTOM OF THE 7TH
Chicago Cubs batting - Pitching for Montreal Expos : RHP Antonio Atayde
Batting: RHB Bob Brenly 0-0: Ball
1-0: Ball
2-0: Foul Ball, location: 2F
2-1: Fly out, F9 (Flyball, 9, EV 88.8 MPH)
Batting: LHB Roy Sheldon 0-0: Ball
1-0: Reached on error, E5 (Groundball, 56S, EV 79.4 MPH)
Batting: LHB Gerald Perry 0-0: Foul Ball, location: 2F
0-1: Swinging Strike
0-2: Ball
1-2: Ground out 3-1 (Groundball, 34S, EV 80.0 MPH)
Roy Sheldon to third
Batting: LHB Johnny Grubb 0-0: Ball
1-0: Ground out 4-3 (Groundball, 4, EV 81.9 MPH)
Bottom of the 7th over - 0 runs, 0 hits, 1 error, 1 left on base; Montreal 1 - Chicago 2
TOP OF THE 8TH
Montreal Expos batting - Pitching for Chicago Cubs : LHP Roy Sheldon
Batting: SHB Biff Pocoroba 0-0: Ball
1-0: Swinging Strike
1-1: Called Strike
1-2: Foul Ball, location: 2F
1-2: Ball
2-2: SINGLE (Line Drive, 89M, EV 92.5 MPH)
Pinch Hitting: RHB Luis Sanchez 0-0: Grounds into double play, 6-4-3 (Groundball, 6, EV 76.3 MPH)
Batting: LHB Duane Walker 0-0: Ball
1-0: Ball
2-0: Foul Ball, location: 2F
2-1: Foul Ball, location: 2F
2-2: Ball
3-2: Strikes out swinging
Top of the 8th over - 0 runs, 1 hit, 0 errors, 0 left on base; Montreal 1 - Chicago 2
BOTTOM OF THE 8TH
Chicago Cubs batting - Pitching for Montreal Expos : RHP Antonio Atayde
Pitching: LHP Bob Ojeda
Batting: RHB Lonnie Smith 0-0: Foul Ball, location: 2F
0-1: Ball
1-1: Called Strike
1-2: Fly out, F8 (Flyball, 89XD, EV 86.9 MPH)
Batting: RHB Jim Rice 0-0: Foul Ball, location: 2F
0-1: Ball
1-1: Ball
2-1: Ground out 6-3 (Groundball, 6, EV 81.9 MPH)
Batting: SHB Roy Smalley 0-0: Ball
1-0: Ball
2-0: Ball
3-0: Base on Balls
Batting: RHB Randy Ready 0-0: Ball
1-0: Fly out, F8 (Flyball, 89D, EV 105.0 MPH)
Bottom of the 8th over - 0 runs, 0 hits, 0 errors, 1 left on base; Montreal 1 - Chicago 2
TOP OF THE 9TH
Montreal Expos batting - Pitching for Chicago Cubs : LHP Roy Sheldon
Now at SS: Fran Mullins
Now in LF: Dave Bergman
Batting: SHB Garry Templeton 0-0: Foul Ball, location: 2F
0-1: Ball
1-1: Ball
2-1: Ball
3-1: Ground out 5-3 (Groundball, 56, EV 85.0 MPH)
Batting: LHB Kirk Gibson 0-0: Ball
1-0: Ball
2-0: Called Strike
2-1: Ball
3-1: Base on Balls
Pitching: RHP Tom Niedenfuer
Batting: RHB Dale Murphy 0-0: Ball
1-0: Called Strike
1-1: Ball
2-1: Ball
3-1: Foul Ball, location: 2F
3-2: Grounds into double play, 6-4-3 (Groundball, 56, EV 82.5 MPH)
Top of the 9th over - 0 runs, 0 hits, 0 errors, 0 left on base; Montreal 1 - Chicago 2
Friday, August 7th, 2020 - OOTP Baseball 21.5 Build 76